AoeStats
← LaBrioche41

Arabia

510423234Analyzed
1v1 RM · 2d ago on Sep 30, 2026· 74m 56s· 2 players
Game mode
Random Map
Map size
Tiny (2 player)
Population
200
Speed
Normal
Resources
Standard
Victory
Conquest
Starting age
Dark Age
Ending age
Imperial Age
RankedLock teamsTeams togetherTeam positionsShared explorationLock speedFull tech treeHidden civsTurbo modeCheats
Victory
Defeat
🇺🇸 Japanese · United States
301
+18
🇦🇺 Persians · Australia
347
-18
TitforTatt
8:25 Loom
10:42 Feudal Age
11:28 Man-at-Arms
15:58 Horse Collar
16:04 Double-Bit Axe
27:04 Scale Mail Armor
29:39 Fletching
29:52 Gold Mining
32:32 Forging
36:00 Wheelbarrow
35:10 Town Watch
35:31 Padded Archer Armor
39:22 Stone Mining
43:51 Castle Age
45:02 Town Patrol
45:17 Hand Cart
45:44 Gold Shaft Mining
45:21 Bow Saw
45:18 Heavy Plow
45:34 Thumb Ring
50:23 Yasama
54:42 Imperial Age
53:30 Squires
53:17 Arson
55:54 Conscription
56:48 Chain Mail Armor
59:00 Kataparuto
66:08 Plate Mail Armor
66:15 Iron Casting
LaBrioche41
9:00 Loom
12:48 Feudal Age
13:09 Double-Bit Axe
13:08 Horse Collar
13:23 Gold Mining
13:28 Stone Mining
13:25 Man-at-Arms
37:07 Fletching
37:41 Padded Archer Armor
48:02 Castle Age
49:09 Parthian Tactics
50:28 Bodkin Arrow
50:54 Thumb Ring
52:57 Leather Archer Armor
55:10 Crossbowman
56:28 Scale Barding Armor
62:52 Long Swordsman
63:19 Gambesons
Connection lost

Rejoining the realm…

Still unreachable

The connection could not be restored.

Session expired

The server has moved on; the page needs a fresh start.